 Dungeon Crawl Stone Soup version 0.30-a0-777-ga9a30cbeda (webtiles) character file.

Game seed: 15914477714151928932

197 jimonade the Sneak (level 5, -1/26 HPs)
             Began as a Vine Stalker Brigand on Feb 14, 2023.
             Slain by a yak (10 damage)
             ... on level 4 of the Dungeon.
             The game lasted 00:05:13 (2822 turns).

jimonade the Sneak (Vine Stalker Brigand)           Turns: 2822, Time: 00:05:14

Health: -1/26      AC:  4    Str: 14    XL:     5   Next: 75%
Magic:  0/6        EV: 11    Int: 11    God:
Gold:   262        SH:  0    Dex: 17    Spells: 4/4 levels left

rFire   . . .      SeeInvis .    a - +2 dagger
rCold   . . .      Faith    .    (no shield)
rNeg    . . .      Spirit   +    g - +0 leather armour
rPois   .          Reflect  .    (no helmet)
rElec   .          Harm     .    c - +0 cloak
rCorr   .          Rampage  .    (no gloves)
Will    .....                    (no boots)
Stlth   +++                      (no amulet)
HPRegen 1.04/turn                (no ring)
MPRegen 0.10/turn                (no ring)

@: no status effects
A: fangs 2, regeneration 1, magic shield, antimagic bite, no potion heal 2
a: no special abilities


You were on level 4 of the Dungeon.
You visited 1 branch of the dungeon, and saw 4 of its levels.

You collected 262 gold pieces.

Inventory:

Hand Weapons
 a - a +2 dagger (weapon)
 w - a +0 rapier
Missiles
 d - 19 poisoned darts (quivered)
 e - 3 curare-tipped darts
 o - 30 stones
Armour
 b - a +0 robe
 c - a +0 cloak (worn)
 g - a +0 leather armour (worn)
 n - a +0 cloak
 v - a +0 ring mail
Jewellery
 s - a +4 ring of protection
Scrolls
 f - a scroll of magic mapping {unknown}
 i - 2 scrolls of identify {unknown}
 j - 2 scrolls of torment {unknown}
 k - a scroll of enchant armour {unknown}
 m - a scroll of vulnerability {unknown}
 p - a scroll of fear {unknown}
 u - a scroll of silence {unknown}
Potions
 h - 2 potions of might {unknown}
 l - 2 potions of degeneration {unknown}
 q - 2 potions of brilliance {unknown}
 r - a potion of mutation {unknown}
 t - 3 potions of invisibility {unknown}


   Skills:
 + Level 2.2 Fighting
 * Level 3.1 Short Blades
 + Level 2.0 Throwing
 + Level 1.7 Armour
 + Level 1.3 Dodging
 + Level 6.2 Stealth


You had 4 spell levels left.
You didn't know any spells.
Your spell library contained the following spells:

 Spells                   Type           Power      Damage    Failure   Level
 Ensorcelled Hibernation  Hex/Ice        0%         N/A       54%         2
 Passwall                 Tmut/Erth      0%         N/A       54%         2
 Frozen Ramparts          Ice            0%         1d1       78%         3
 Hailstorm                Conj/Ice       0%         3d3       78%         3
 Ozocubu's Armour         Ice            0%         N/A       78%         3
 Swiftness                Air            0%         N/A       78%         3
 Malign Gateway           Summ/Tloc      0%         N/A       100%        7


Dungeon Overview and Level Annotations

Branches:
Dungeon (4/15)
 Temple: D:4-7

Altars:
Elyvilon


Innate Abilities, Weirdness & Mutations

You have extremely sharp teeth.
Your natural rate of healing is unusually fast.
When hurt, damage is shared between your health and your magic reserves.
Your bite disrupts and absorbs the magic of your enemies.
Potions cannot restore your health.


Message History

Done exploring.
Done exploring.
Search for what [Enter for "."]? .
There is a stone staircase leading down here.
Unknown command.
You climb downwards.
There is a stone staircase leading up here.
There is a fountain of clear blue water here.
You open the door.
A yak comes into view.
A yak is nearby! 2 yaks come into view.
There is an open door here.
You hit the yak. Your bite misses the yak.
The yak is lightly wounded.
You barely miss the yak. Your bite misses the yak.
The yak is lightly wounded.
The yak gores you but does no damage.
You hit the yak but do no damage. You bite the yak, but do no damage.
The yak is lightly wounded.
The yak gores you!
You hit the yak.
The yak is lightly wounded.
The yak gores you.
You hit the yak. Your bite misses the yak.
The yak is lightly wounded.
The yak closely misses you.
You hit the yak but do no damage.
The yak is lightly wounded.
The yak gores you!
* * * LOW HITPOINT WARNING * * *
You hit the yak. Your bite misses the yak.
The yak is lightly wounded.
You hit the yak. Your bite misses the yak.
The yak is moderately wounded.
The yak closely misses you.
You barely miss the yak. You bite the yak, but do no damage.
The yak is moderately wounded.
The yak gores you!
You die...

### ##<##
#...# #.⌠.#
#...# ##@##
#Y# #...#
...⌠...
..##...##YY
## ##.## ##
#.. ###


You could see a yak.

Vanquished Creatures
  2 orc priests
  5 gnolls
  2 adders
  2 dart slugs
  4 orcs
  5 ball pythons
  5 endoplasms
  A giant cockroach (D:2)
  7 goblins
  9 hobgoblins
  4 quokkas
  6 bats
  3 frilled lizards
  3 kobolds
  6 rats (D:1)
64 creatures vanquished.

Vanquished Creatures (others)
  11 plants (D:1)
11 creatures vanquished.

Grand Total: 75 creatures vanquished

Notes
Turn   | Place    | Note
-------+----------+-------------------------------------------
     0 | D:1      | jimonade the Vine Stalker Brigand began the quest for the
                  | Orb.
     0 | D:1      | Reached XP level 1. HP: 11/11 MP: 2/2
   125 | D:1      | Reached skill level 5 in Stealth
   131 | D:1      | Reached XP level 2. HP: 13/15 MP: 1/3
   337 | D:1      | Reached XP level 3. HP: 16/18 MP: 4/4
  1365 | D:2      | Gained mutation: Your natural rate of healing is unusually
                  | fast. [Vine Stalker growth]
  1365 | D:2      | Reached XP level 4. HP: 23/23 MP: 5/5
  1483 | D:2      | Found a white marble altar of Elyvilon.
  1607 | D:2      | Reached skill level 6 in Stealth
  1615 | D:2      | Reached skill level 1 in Dodging
  1977 | D:2      | Reached skill level 1 in Armour
  1977 | D:2      | Reached XP level 5. HP: 11/26 MP: 4/6
  2609 | D:3      | Got the Catalogue of the Scarab
  2811 | D:4      | Noticed a yak
  2812 | D:4      | Noticed a yak
  2812 | D:4      | Noticed a yak
  2822 | D:4      | Slain by a yak

Illustrated notes

Levels and vault maps discovered:
D:1:      zaba_arrival_water, layout_basic, chequers_serial_rivers_micro_d,
          nicolae_grassy_gnolls
D:2:      layout_basic, basic_altar
D:3:      layout_rooms
D:4:      layout_basic, nicolae_elyvilon_peaceful_grove,
          eat_drink_and_be_merry_uskayaw, trog_hazing_becter, serial_shops,
          shop, nrook_mini_vaults, grunt_ministairs_5, uniq_grinder

Skill      XL: |  1  2  3  4  5 |
---------------+----------------+-----
Stealth        | 5 6 |  6.2
Short Blades   | 2 3 |  3.1
Fighting       | 2 |  2.2
Throwing       | 2 |  2.0
Dodging        | 1 |  1.3
Armour         | 1 |  1.7

Action                     |  1- 3 |  4- 6 || total
---------------------------+-------+-------++-------
  Melee: Dagger            |    75 |   121 ||   196
         Bite              |    14 |    31 ||    45
         Punch             |       |     1 ||     1
   Stab: Sleeping          |     9 |     4 ||    13
 Armour: Robe              |     6 |       ||     6
         Leather armour    |    10 |    31 ||    41
  Dodge: Dodged            |    30 |    62 ||    92

Table legend: (Time is in decaauts)
 A = Elapsed time spent in this place.
 B = Non-inter-level travel time spent in this place.
 C = Inter-level travel time spent in this place.
 D = Time resting spent in this place.
 E = Time spent auto-exploring this place.
 F = Levels seen in this place.
 G = Mean time per level.
                   A        B        C        D        E       F      G
               +--------+--------+--------+--------+--------+-----+--------+
         Total |   2813 |   2571 |    242 |    506 |   1436 |   4 |  703.2 |
       Dungeon |   2813 |   2571 |    242 |    506 |   1436 |   4 |  703.2 |
               +--------+--------+--------+--------+--------+-----+--------+

Top non-repeatable levels by time:
     D:2: 1314 daAuts
     D:1: 954 daAuts
     D:3: 529 daAuts
     D:4: 14 daAuts
